 Dungeon Crawl Stone Soup version 0.29.1-2-gbd0b4ee654 (webtiles) character file.

Game seed: 1449289261836280072

104 tevo3000 the Distorting Demonspawn (level 4, 0/35 HPs)
             Began as a Demonspawn Abyssal Knight on Nov 28, 2022.
             Was a Believer of Lugonu.
             Succumbed to a scorpion's poison
             ... on level 3 of the Dungeon.
             The game lasted 00:06:36 (3719 turns).

tevo3000 the Distorting Demonspawn (DsAK)           Turns: 3719, Time: 00:06:37

Health: 0/35       AC:  4    Str: 15    XL:     4   Next: 52%
Magic:  6/6        EV: 12    Int: 11    God:    Lugonu [**....]
Gold:   160        SH:  0    Dex: 14    Spells: 3/3 levels left

rFire   . . .      SeeInvis .   a - +1 hand axe
rCold   + . .      Faith    .   (no shield)
rNeg    . . .      Spirit   .   b - +0 leather armour
rPois   .          Reflect  .   (no helmet)
rElec   +          Harm     .   (no cloak)
rCorr   +          Rampage  .   (no gloves)
Will    .....                   h - +0 pair of boots
Stlth   +.........              (no amulet)
HPRegen 0.11/turn               l - ring "Compi" {Drain rElec rC+ rCorr}
MPRegen 0.20/turn               (no ring)

@: lethally poisoned (0 -> -5)
A: hooves 1, magic regeneration
a: Renounce Religion, Depart the Abyss, Bend Space


You were on level 3 of the Dungeon.
You worshipped Lugonu.
Lugonu was pleased with you.
You visited 1 branch of the dungeon, and saw 3 of its levels.
You visited the Abyss 1 time.

You collected 160 gold pieces.

Inventory:

Hand Weapons
 a - a +1 hand axe (weapon)
Armour
 b - a +0 leather armour (worn)
 h - a +0 pair of boots (worn)
Jewellery
 l - the ring "Compi" (left hand) {Drain rElec rC+ rCorr}
   (You found it on level 3 of the Dungeon)

   [ring of protection from cold]

   rC:        It protects you from cold.
   rElec:     It insulates you from electricity.
   rCorr:     It protects you from acid and corrosion.
   Drain:     It drains your maximum health when unequipped.
 p - an amulet of faith
Scrolls
 e - a scroll of vulnerability {unknown}
 f - 2 scrolls of identify {unknown}
 g - a scroll of teleportation {unknown}
 i - a scroll of magic mapping
 j - 2 scrolls of blinking {unknown}
 k - a scroll of amnesia {unknown}
 n - a scroll of poison {unknown}
 o - 2 scrolls of enchant weapon {unknown}
Potions
 c - a potion of flight


   Skills:
 - Level 3.0 Fighting
 * Level 2.8 Axes
 + Level 2.4 Armour
 * Level 2.3 Dodging
 + Level 3.3 Invocations


You had 3 spell levels left.
You didn't know any spells.
Your spell library contained the following spells:

 Spells                   Type           Power      Damage    Failure   Level
 Cause Fear               Hex            0%         N/A       99%         4
 Blade Hands              Tmut           0%         N/A       100%        5
 Irradiate                Conj/Tmut      0%         3d11      100%        5
 Dragon Form              Tmut           0%         N/A       100%        7
 Dragon's Call            Summ           0%         N/A       100%        9


Dungeon Overview and Level Annotations

Branches:
Dungeon (3/15)

Altars:


Innate Abilities, Weirdness & Mutations

You have large cloven feet.
You regenerate magic rapidly.


Message History

The scorpion is lightly wounded.
You feel sick.
The scorpion stings you but does no damage.
You closely miss the scorpion.
The scorpion is lightly wounded.
You feel sick. The scorpion stings you.
You hit the scorpion.
The scorpion is moderately wounded.
You feel sick.
The scorpion stings you but does no damage.
The scorpion stings you.
You hit the scorpion but do no damage.
The scorpion is moderately wounded.
You feel sick.
You are no longer poisoned.
The scorpion stings you.
You barely miss the scorpion.
The scorpion is moderately wounded.
The scorpion closely misses you.
You hit the scorpion but do no damage.
The scorpion is moderately wounded.
The scorpion barely misses you. x2
You barely miss the scorpion.
The scorpion is moderately wounded.
The scorpion stings you.
You are poisoned.
The scorpion poisons you!
You hit the scorpion.
The scorpion is heavily wounded.
* * * LOW HITPOINT WARNING * * *
You feel very sick. The scorpion completely misses you.
The scorpion barely misses you.
You hit the scorpion.
The scorpion is severely wounded.
* * * LOW HITPOINT WARNING * * *
You feel sick. The scorpion stings you.
* * * LOW HITPOINT WARNING * * *
You hit the scorpion.
The scorpion is severely wounded.
You die...

##### ...>#
###.#
#########
###.#
........#
....# #@#
##..#.#
########s##
#..#.#
#.........#
#..#.#
#.######..#
#..#.# #.#
#†.# #..#.#
#.# #..#
#<.#.# #.#
#.........
##..#.###.#
#.#........
...)......#
#.##.###.###


You could see a scorpion.

Vanquished Creatures
  4 adders
  2 worms
  3 dart slugs
  An orc (D:3)
  3 ball pythons
  3 bats
  5 endoplasms
  6 giant cockroaches
  4 goblins
  6 hobgoblins
  3 jackals (D:2)
  4 quokkas
  2 frilled lizards
  2 kobolds
  3 rats
51 creatures vanquished.

Notes
Turn   | Place    | Note
-------+----------+-------------------------------------------
     0 | Abyss:1  | tevo3000 the Demonspawn Abyssal Knight began the quest for
                  | the Orb.
     0 | Abyss:1  | Reached XP level 1. HP: 18/18 MP: 2/2
    80 | Abyss:1  | Noticed a raiju
    81 | Abyss:1  | Noticed a raiju
    83 | D:1      | Escaped the Abyss
   365 | D:1      | Reached skill level 1 in Dodging
   492 | D:1      | Gained mutation: You regenerate magic rapidly. [demonic
                  | ancestry]
   492 | D:1      | Reached XP level 2. HP: 22/24 MP: 4/4
   637 | D:1      | Found a faded altar of an unknown god.
   845 | D:2      | Reached ** piety under Lugonu
  1560 | D:2      | Gained mutation: You have large cloven feet. [demonic
                  | ancestry]
  1560 | D:2      | Reached XP level 3. HP: 19/29 MP: 5/5
  2432 | D:2      | Reached XP level 4. HP: 35/35 MP: 6/6
  2835 | D:3      | Identified the ring "Compi" {Drain rElec rC+ rCorr}
  2850 | D:3      | HP: 1/35 [worm (8)]
  3699 | D:3      | Noticed a scorpion
  3718 | D:3      | HP: 1/35 [scorpion (6)]
  3719 | D:3      | Succumbed to a scorpion's poison

Illustrated notes

Levels and vault maps discovered:
D:1:      mrwooster_arrival_statue, layout_rooms,
          hellmonk_ecumenical_altar_pennies_from_heaven
D:2:      layout_basic, minivault_23
D:3:      layout_loops_ring

Skill      XL: |  1  2  3 |
---------------+----------+-----
Dodging        | 1 2 |  2.3
Axes           | 2 |  2.8
Armour         | 2 |  2.4
Invocations    | 3 |  3.3
Fighting       | |  3.0

Action                   |  1- 3 |  4- 6 || total
-------------------------+-------+-------++-------
Melee: Hand axe          |   104 |    75 ||   179
       Punch             |     1 |       ||     1
Invok: Depart the Abyss  |     1 |       ||     1
       Bend Space        |       |     1 ||     1
  Use: Scroll            |     2 |       ||     2
       Potion            |       |     4 ||     4
 Stab: Sleeping          |     1 |     2 ||     3
Armor: Leather armour    |    43 |    18 ||    61
Dodge: Dodged            |    91 |    55 ||   146
